 Dungeon Crawl Stone Soup version 0.15-a0-35-ga771cbd (webtiles) character file.

3388 4tharraofdagon the Cleaver (level 9, -4/78 HPs)
             Began as a Minotaur Gladiator on Apr 2, 2014.
             Was a Follower of the Shining One.
             Slain by a crocodile (7 damage)
             ... while paralysed
             ... on Level 2 of the Lair of Beasts.
             The game lasted 00:16:15 (2751 turns).

4tharraofdagon the Cleaver (Minotaur Gladiator)     Turns: 2751, Time: 00:16:15

HP  -4/78        AC 11     Str 20      XL: 9   Next: 67%
MP  11/11        EV  2     Int  8      God: the Shining One [*.....]
Gold 138         SH  0     Dex 11      Spells:  0 memorised, 13 levels left

rFire  . . .     SeeInvis .     a - +0 war axe
rCold  . . .     Clarity  .     x - +0 chain mail
rNeg   . . .     Conserve .     (no shield)
rPois  .         rCorr    .     c - +0 hat
rElec  .         rRot     .     i - +0 cloak
SustAb . .       Spirit   .     (no gloves)
rMut   .         Warding  .     (no boots)
Saprov . . .     Stasis   .     k - amulet of rage
MR     .....                    (no ring)
                                (no ring)

@: paralysed, exhausted, slowed, glowing, not resistant to hostile enchantments,
extremely unstealthy
A: retaliatory headbutt, horns 2
a: Renounce Religion, Evoke Berserk Rage


You were on level 2 of the Lair of Beasts.
You worshipped the Shining One.
The Shining One was aware of your devotion.
You were hungry.

You visited 3 branches of the dungeon, and saw 12 of its levels.

You collected 362 gold pieces.
You spent 224 gold pieces at shops.

Inventory:

Hand weapons
 a - a +0,+0 war axe (weapon)
Missiles
 d - 2 throwing nets (quivered)
 n - 14 darts
 K - 4 javelins
Armour
 b - a +0 leather armour
 c - a +0 hat (worn)
 e - a +0 ring mail
 i - a +0 cloak (worn)
 s - a +0 plate armour
 t - a cursed -1 helmet
 x - a +0 chain mail (worn)
Magical devices
 l - a wand of digging (10)
 u - a wand of digging (8)
 B - a wand of digging (5)
 D - a wand of flame (10)
 I - a wand of frost (5)
 O - a wand of random effects (9)
Comestibles
 f - 4 bread rations
 o - 2 meat rations
 p - 2 apples
 F - 2 chokos
 N - 3 rotting chunks of crocodile flesh
 S - a chunk of porcupine flesh
Scrolls
 g - 4 scrolls of blinking {unknown}
 h - 2 scrolls of recharging {unknown}
 j - a scroll of fog {unknown}
 r - 2 scrolls of immolation {unknown}
 w - a scroll of vulnerability {unknown}
 z - 2 scrolls of random uselessness
 A - 2 scrolls of magic mapping
 C - 4 scrolls of teleportation
 E - a scroll of enchant weapon I
 G - a scroll of fear
 H - a scroll of amnesia {unknown}
 J - a scroll of enchant armour {unknown}
 Q - a scroll of remove curse {unknown}
Jewellery
 k - an amulet of rage (around neck)
Potions
 q - 3 potions of curing
 L - a potion of restore abilities
 P - a potion of heal wounds
 R - a potion of haste
 T - a potion of flight
Books
 y - a book of Power

   Spells                             Type                      Level
   Fulminant Prism                    Conjuration/Hexes            4
   Iskenderun's Mystic Blast          Conjuration                  4
   Venom Bolt                         Conjuration/Poison           5
   Bolt of Magma                      Conjuration/Fire/Earth       5
   Iron Shot                          Conjuration/Earth            6
   Orb of Destruction                 Conjuration                  7
 M - a book of Beasts

   Spells                             Type                      Level
   Summon Butterflies                 Summoning                    1
   Call Canine Familiar               Summoning                    3
   Summon Ice Beast                   Ice/Summoning                4
   Summon Mana Viper                  Hexes/Summoning              5
   Monstrous Menagerie                Summoning                    6
   Summon Hydra                       Summoning                    7
Magical staves
 v - an uncursed staff of summoning


   Skills:
 + Level 6.4 Fighting
 * Level 9.5 Axes
 - Level 2.0 Throwing
 + Level 5.9 Armour
 - Level 5.0 Dodging
 + Level 2.9 Spellcasting
 + Level 4.6 Invocations
 + Level 4.7 Evocations


You had 13 spell levels left.
You didn't know any spells.

Dungeon Overview and Level Annotations

Branches:
Dungeon (9/15)             Temple (1/1) D:4            Lair (2/8) D:9
    Orc: D:9-12

Altars:
Ashenzari
Cheibriados
Elyvilon
Kikubaaqudgha
Makhleb
Nemelex Xobeh
Okawaru
Trog
Vehumet
Xom
Zin
The Shining One

Shops:
D:7 ?


Innate Abilities, Weirdness & Mutations

You reflexively headbutt those who attack you in melee.
You have a pair of horns on your head.


Message History

The yak gores you!!!
* * * LOW HITPOINT WARNING * * *
Unknown command!
Unknown command!
Unknown command!
The yak gores you!
* * * LOW HITPOINT WARNING * * *
Unknown command!
Unknown command!
Unknown command!
You feel a strong urge to attack something!
Unknown command!
Unknown command!
Unknown command!
You are no longer berserk!
You pass out from exhaustion!
You feel yourself slow down!
You are feeling hungry!
The crocodile bites you!!!
You die!!!

..... ####.#...## #...#
#P.#.....#
####..$####........#
##......#.#P.......##
.................#..#P.
.........r..............
..........%.rr.f#.#..P##.
.#.#..tY#.##.........#
#..Y@###f........##
##...# ##fr##.PP..# #...#
#fr#...#.# #f...#
##.###... #......


#rr .. #.#..#f ##. ..##. . r #. .. . # You could see 2 yaks, a crocodile and a
green rat.

Vanquished Creatures
  4 yaks
  2 hungry ghosts
  A deep elf fighter (D:9)
  A hippogriff (D:7)
  A black bear (D:8)
  An ice beast (D:9)
  An orc warrior (D:6)
  3 sky beasts
  2 porcupines
  2 ogres
  A centaur (D:7)
  2 crocodiles
  2 scorpions
  A giant frog (D:6)
  A killer bee (D:6)
  A goliath beetle (D:8)
  5 hounds
  2 crimson imps
  3 orc priests (D:6)
  2 gnoll shamans
  2 orc wizards (D:9)
  2 worker ants
  A hound zombie (D:6)
  6 green rats
  4 gnolls
  4 adders
  2 shadow imps
  An orc skeleton (D:9)
  An orc zombie (D:8)
  An adder skeleton (D:8)
  2 giant eyeballs
  2 giant geckos
  An ooze (D:7)
  11 orcs
  2 ball pythons
  4 giant cockroaches
  2 hobgoblins
  15 jackals
  12 bats
  2 giant newts (D:6)
  5 goblins
  A jackal zombie (D:6)
  5 kobolds
  A kobold zombie (D:4)
  9 quokkas
  21 rats
  2 fungi (D:9)
  A plant (D:9)
160 creatures vanquished.

Vanquished Creatures (others)
  A fungus (D:9)
  A plant (D:9)
2 creatures vanquished.

Grand Total: 162 creatures vanquished

Notes
Turn   | Place    | Note
--------------------------------------------------------------
     0 | D:1      | 4tharraofdagon, the Minotaur Gladiator, began the quest for the Orb.
     0 | D:1      | Reached XP level 1. HP: 18/18 MP: 1/1
   154 | D:2      | Reached skill level 1 in Armour
   161 | D:2      | Reached XP level 2. HP: 25/25 MP: 1/1
   173 | D:2      | Reached skill level 4 in Axes
   442 | D:4      | Found a staircase to the Ecumenical Temple.
   449 | Temple   | Entered the Ecumenical Temple
   542 | Temple   | Became a worshipper of the Shining One
   580 | D:4      | Noticed an ogre
   592 | D:4      | Killed an ogre
   592 | D:4      | Reached skill level 1 in Evocations
   592 | D:4      | Reached XP level 3. HP: 31/31 MP: 2/2
   592 | D:4      | Reached XP level 4. HP: 38/38 MP: 2/2
   682 | D:5      | Entered Level 5 of the Dungeon
   697 | D:5      | Reached skill level 5 in Axes
   697 | D:5      | Reached XP level 5. HP: 41/45 MP: 3/3
   718 | D:5      | Noticed a sky beast
   722 | D:5      | Killed a sky beast
   763 | D:5      | Paralysed by a giant eyeball for 3 turns
   772 | D:5      | Paralysed by a giant eyeball for 2 turns
   807 | D:5      | Reached skill level 1 in Invocations
   807 | D:5      | Reached XP level 6. HP: 43/51 MP: 4/4
  1100 | D:6      | Reached skill level 6 in Axes
  1175 | D:6      | Reached XP level 7. HP: 31/58 MP: 5/5
  1182 | D:6      | Reached skill level 1 in Spellcasting
  1210 | D:6      | Noticed an orc warrior
  1228 | D:6      | Killed an orc warrior
  1375 | D:7      | Acquired the Shining One's first power
  1604 | D:7      | Reached skill level 7 in Axes
  1689 | D:8      | Reached XP level 8. HP: 35/67 MP: 7/7
  1791 | D:8      | Reached skill level 5 in Dodging
  1999 | D:7      | Reached skill level 5 in Fighting
  2021 | D:7      | Reached skill level 8 in Axes
  2057 | D:7      | Found Ucurph's Magic Scroll Shoppe.
  2065 | D:7      | Bought a scroll of magic mapping for 56 gold pieces
  2065 | D:7      | Bought a scroll of teleportation for 48 gold pieces
  2065 | D:7      | Bought a scroll of enchant weapon I for 56 gold pieces
  2065 | D:7      | Bought a scroll of teleportation for 48 gold pieces
  2065 | D:7      | Bought a scroll of random uselessness for 16 gold pieces
  2288 | D:9      | Paralysed by a giant eyeball for 2 turns
  2344 | D:9      | Reached XP level 9. HP: 70/74 MP: 10/10
  2389 | D:9      | Reached skill level 5 in Armour
  2508 | D:9      | Reached skill level 9 in Axes
  2590 | D:9      | Found a staircase to the Lair.
  2615 | D:9      | TURBO MODE = ON
  2615 | D:9      | INIT 0
  2616 | Lair:1   | Entered Level 1 of the Lair of Beasts
  2746 | Lair:2   | HP: 4/117 [yak (11)]
  2751 | Lair:2   | Slain by a crocodile

Action                   |  1- 3 |  4- 6 |  7- 9 || total
-------------------------+-------+-------+-------++-------
Melee: War axe           |    29 |   106 |   257 ||   392
Throw: Throwing net      |     1 |       |     3 ||     4
 Abil: Evoke Berserk Rag |     1 |     2 |     7 ||    10
Evoke: Wand              |     1 |       |     3 ||     4
  Use: Scroll            |       |     2 |     2 ||     4
       Potion            |       |       |     4 ||     4
